 Dungeon Crawl Stone Soup version 0.17.1-3-g152610e (webtiles) character file.

201 inmateoo the Slasher (level 5, -1/37 HPs)
             Began as a High Elf Fighter on Feb 22, 2016.
             Slain by Duvessa
             ... wielding a +0 short sword
              (2 damage)
             ... on level 4 of the Dungeon.
             The game lasted 00:05:16 (3568 turns).

inmateoo the Slasher (High Elf Fighter)             Turns: 3568, Time: 00:05:16

Health: -1/37      AC:  6    Str: 21    XL:     5   Next: 50%
Magic:  6/6        EV:  7    Int: 11    God:
Gold:   78         SH: 10    Dex: 15    Spells: 0 memorised, 4 levels left

rFire  . . .     SeeInvis .     a - +0 long sword
rCold  . . .     Clarity  .     b - +0 scale mail
rNeg   . . .     SustAt   .     c - +0 shield
rPois  .         Gourm    .     (no helmet)
rElec  .         Spirit   .     (no cloak)
rCorr  .         Warding  .     (no gloves)
rMut   .         Stasis   .     (no boots)
MR     .....                    (no amulet)
Stlth  ..........               (no ring)
                                (no ring)

@: mighty, hasted, very quick, not resistant to hostile enchantments, extremely
unstealthy
A: no striking features
a: no special abilities


You were on level 4 of the Dungeon.
You were not hungry.

You visited 1 branch of the dungeon, and saw 4 of its levels.

You collected 78 gold pieces.

Inventory:

Hand Weapons
 a - a +0 long sword (weapon)
Missiles
 q - 15 poisoned needles
Armour
 b - a +0 scale mail (worn)
 c - a +0 shield (worn)
Scrolls
 f - a scroll of fear {unknown}
 h - a scroll of remove curse
 l - a scroll of magic mapping {unknown}
 p - 2 scrolls of recharging {unknown}
Potions
 i - 2 potions of resistance
 j - a potion of cancellation
 m - 2 potions of haste
 r - 2 potions of flight
 s - a potion of agility
Comestibles
 e - 2 bread rations
 g - 2 meat rations
 k - a chunk of flesh
 n - 3 fruits
 o - a slice of pizza


   Skills:
 + Level 3.8 Fighting
 * Level 4.7 Long Blades
 + Level 3.3 Armour
 + Level 3.7 Shields


You had 4 spell levels left.
You didn't know any spells.

Dungeon Overview and Level Annotations

Branches:
Dungeon (4/15)
 Temple: D:4-7

Altars:
Kikubaaqudgha
Nemelex Xobeh
Qazlal
Trog
The Shining One

Annotations:
D:4 Duvessa; SaintRoka's ghost, novice DsBe


Message History

A worker ant comes into view.
You closely miss Duvessa.
Duvessa is moderately wounded.
The worker ant moves out of view.
Duvessa closely misses you.
A giant gecko comes into view.
You slash Duvessa!
Duvessa is heavily wounded.
Duvessa barely misses you. Duvessa hits you with a short sword.
You block the adder's attack.
You hit Duvessa.
Duvessa is heavily wounded.
Duvessa barely misses you. The adder bites you but does no damage.
Duvessa hits you with a short sword!
* * * LOW HITPOINT WARNING * * *
You block the adder's attack.
Drink which item? (? for menu, Esc to quit)
It was a potion of haste.
You feel yourself speed up. Duvessa barely misses you.
You block the adder's attack. Duvessa hits you with a short sword.
You die...

#....####.#
#..### #.#
#..# #.#
#..# #.#
#..# #.#
#..# #.#
#..# #..
#..# ...
#@.# #eS#
#la..
#..#.# ####
#......
....#
.#.#.#.#
#..# .....
... ####..#
# #. . .#
....... .
####..#


You could see Duvessa (berserk), a worker ant, an adder and a giant gecko.

Vanquished Creatures
  Dowan (D:4)
  A hound (D:4)
  A worker ant (D:4)
  An adder (D:4)
  An ooze (D:2)
  4 worms
  2 giant geckos (D:1)
  3 orcs (D:3)
  5 bats
  9 giant cockroaches
  8 hobgoblins
  3 ball pythons (D:1)
  2 giant newts (D:1)
  8 goblins
  9 kobolds
  A quokka (D:2)
  9 rats
68 creatures vanquished.

Notes
Turn   | Place    | Note
--------------------------------------------------------------
     0 | D:1      | inmateoo the High Elf Fighter began the quest for the Orb.
     0 | D:1      | Reached XP level 1. HP: 16/16 MP: 2/2
   115 | D:1      | Reached XP level 2. HP: 17/21 MP: 3/3
   595 | D:2      | Reached XP level 3. HP: 26/26 MP: 4/4
  1085 | D:2      | Found an ancient bone altar of Kikubaaqudgha.
  1330 | D:2      | Found a glowing golden altar of the Shining One.
  1401 | D:2      | Found a bloodstained altar of Trog.
  1645 | D:2      | Found a sparkling altar of Nemelex Xobeh.
  1934 | D:3      | Reached XP level 4. HP: 31/31 MP: 5/5
  2593 | D:3      | Found a stormy altar of Qazlal.
  2954 | D:4      | Noticed Dowan
  2960 | D:4      | Noticed SaintRoka's ghost (novice DsBe)
  3022 | D:4      | Reached skill level 4 in Long Blades
  3055 | D:4      | Reached XP level 5. HP: 33/36 MP: 6/6
  3558 | D:4      | Noticed Duvessa
  3562 | D:4      | Killed Dowan
  3567 | D:4      | HP: 1/37 [Duvessa/short sword (15)]
  3568 | D:4      | Slain by Duvessa

Action                   |  1- 3 |  4- 6 || total
-------------------------+-------+-------++-------
Melee: Long sword        |   159 |    91 ||   250
 Fire: Blowgun           |       |     2 ||     2
  Use: Scroll            |       |     7 ||     7
       Potion            |       |     2 ||     2
  Eat: Chunk             |     4 |     3 ||     7
       Beef jerky        |       |     1 ||     1
